[Event "Ebbe cup 43"]
[Site "Schackcentrum, Vegatan 20, Gothenburg, Sweden"]
[Date "2022.09.09"]
[Round "1.1"]
[White "Imani Lasaki, Hamed"]
[Black "Berggren Torell, Harald"]
[Result "1/2-1/2"]
[TimeControl "90 minutes for 40 moves + 15 minutes for the rest of the game + 30 seconds per move from move one."]
[WhiteFideId "1766970"]
[BlackFideId "1714031"]
[WhiteElo "1595"]
[BlackElo "2125"]

1. d4 d6 2. c4 e5 3. dxe5 dxe5 4. Qxd8+ Kxd8 5. Nc3 Be6 6. e4 f6 7. Be3 Nd7 8. Be2 c6 9. f4 Bb4 10.
Nf3 exf4 11. Bxf4 Ne7 12. O-O Ng6 13. Bg3 Nge5 14. Nd4 Bc5 15. Rad1 Bxc4 16. Bxc4 Nxc4 17. Na4 Bf8 18. Rf2 Ke8 19.
Ne6 Rc8 20. b3 Nce5 21. Rfd2 b5 22. Bxe5 Nxe5 23. Nxf8 Rxf8 24. Nc5 Rf7 25. Ne6 Re7 26. Rd8+ Rxd8 27. Rxd8+ Kf7 28. Nc5 h5 29.
h3 Kg6 30. Kf2 h4 31. Ke3 Kg5 32. Rd6 a5 33. Ne6+ Kh5 34. Nf4+ Kh6 35. Ne6 a4 36. Nd4 Kh7 37. bxa4 Nc4+ 38.
Kd3 Nxd6 39. Nxc6 bxa4 40. Nxe7 1/2-1/2

[Event "Ebbe cup 43"]
[Site "Schackcentrum, Vegatan 20, Gothenburg, Sweden"]
[Date "2022.09.09"]
[Round "1.2"]
[White "Ghaderi, Roshan"]
[Black "Andersson, Sol"]
[Result "1-0"]
[TimeControl "90 minutes for 40 moves + 15 minutes for the rest of the game + 30 seconds per move from move one."]
[WhiteFideId "1744011"]
[BlackFideId "1762702"]
[WhiteElo "1741"]
[BlackElo "1454"]

1. Nf3 Nf6 2. e3 d5 3. b3 Bf5 4. Bb2 e6 5. a3 Bd6 6. d4 Nbd7 7. c4 c6 8. Be2 O-O 9. O-O Re8 10.
Nbd2 Bg6 11. h3 e5 12. cxd5 cxd5 13. dxe5 Nxe5 14. Nxe5 Bxe5 15. Bxe5 Rxe5 16. Nf3 Re8 17. Rc1 Rc8 18.
Nd4 h6 19. Rxc8 Qxc8 20. Qc1 Qb8 21. Qc5 Rc8 22. Qb4 Qc7 23. Nb5 Qb6 24. Qa4 a6 25. Nd4 Qc5 26. b4 Qc3 27. b5 axb5 28.
Nxb5 Qc2 29. Qxc2 Rxc2 30. Re1 Kf8 31. Kf1 Ke7 32. Rd1 Be4 33. f3 Bf5 34. Nd4 Rxe2 35. Nxf5+ Ke6 36. Nd4+ 1-0

[Event "Ebbe cup 43"]
[Site "Schackcentrum, Vegatan 20, Gothenburg, Sweden"]
[Date "2022.09.09"]
[Round "1.3"]
[White "Madevan Vaishnavi, Yaashvan"]
[Black "Eldh, Hjalmar"]
[Result "1/2-1/2"]
[TimeControl "90 minutes for 40 moves + 15 minutes for the rest of the game + 30 seconds per move from move one."]
[WhiteFideId "1772180"]
[BlackFideId "1767968"]
[WhiteElo "1439"]
[BlackElo "1717"]

1. e4 e5 2. Nf3 Nc6 3. d4 exd4 4.
Bc4 Nf6 5. O-O Nxe4 6. Re1 d5 7. Bxd5 Qxd5 8. Nc3 Qd8 9. Nxe4 Be7 10. Bf4 O-O 11. h3 Bb4 12. c3 dxc3 13. bxc3 Qxd1 14.
Raxd1 Ba5 15. Ne5 Nxe5 16. Bxe5 Bb6 17. Bd4 Be6 18. a3 Rad8 19. Re3 Bxd4 20. cxd4 b6 21. Red3 Bd5 22. f3 Rfe8 23.
Nc3 Bb3 24. Rc1 Bc4 25. Rdd1 Re7 26. Rd2 f5 27. Kf2 Red7 28. Rcd1 c5 29. Ke3 cxd4+ 30. Rxd4 Rxd4 31. Rxd4 Rxd4 32.
Kxd4 Bf1 33. f4 Bxg2 34. h4 Kf7 35.
Ke5 Kg6 36. Ne2 Kh5 37. Ng3 Kxh4 38. Nxf5+ Kg4 39. Nxg7 Bf1 40. f5 Bc4 41. f6 Bf7 42. Kd6 h5 43. Nxh5 Kxh5 44. Kc7 Kg6 45.
Kb7 b5 46. Kxa7 Kxf6 47. Kb6 Be8 48. Kc5 Ke5 49. Kb4 Kd4 50. a4 bxa4 51. Ka3 Kc3 52. Ka2 Kb4 53. Kb2 Bf7 54. Ka1 Kc3 55.
Kb1 a3 56. Ka1 a2 1/2-1/2

[Event "Ebbe cup 43"]
[Site "Schackcentrum, Vegatan 20, Gothenburg, Sweden"]
[Date "2022.09.09"]
[Round "1.4"]
[White "Havner, Arvid"]
[Black "Ghaderi, Noan"]
[Result "1/2-1/2"]
[TimeControl "90 minutes for 40 moves + 15 minutes for the rest of the game + 30 seconds per move from move one."]
[WhiteFideId "1769308"]
[BlackFideId "1747096"]
[WhiteElo "1677"]
[BlackElo "1353"]

1. e4 c6 2. d4 d5 3. Nc3 dxe4 4. Nxe4 Bf5 5. Ng3 Bg6 6. h4 h6 7. Nf3 e6 8. h5 Bh7 9. Bf4 Nf6 10.
Bd3 Bxd3 11. Qxd3 Bd6 12. Be5 Bxe5 13. Nxe5 Nbd7 14. f4 Nd5 15. Rf1 Qe7 16. O-O-O O-O-O 17. Rf3 Nxe5 18. fxe5 Nb4 19.
Qa3 c5 20. Ne4 c4 21. Nd6+ Rxd6 22. exd6 Qxd6 23. Qxa7 Rf8 24. Qc5+ Qxc5 25. dxc5 Nxa2+ 26. Kb1 Nb4 27. Rf4 Nd5 28.
Re4 c3 29. Ra4 Kc7 30. Rd3 cxb2 31. Kxb2 Kc6 32. Rg3 Nf6 33. Rh4 Rg8 34. Rb3 g5 35. hxg6 Rxg6 36. Rb6+ Kxc5 37. Rxb7 Rxg2 38.
Rxh6 Nd5 39. Rxf7 Kd6 40. Rf3 Nb4 41. Rc3 Re2 42. Kb3 Nd5 43. Rd3 Kc5 44. c4 Nf4 45. Rf3 e5 46. Rc3 Re4 47.
Rh8 Ne2 48. Rc8+ Kd4 49. Rd8+ Kc5 50. Rd5+ Kc6 51. Rh3 Nd4+ 52. Kc3 Re1 53. Rh6+ Kc7 54. Rc5+ Kd7 55. Ra5 Rc1+ 56. Kd3 Rd1+ 57.
Ke4 Nc6 58. Ra6 Re1+ 59. Kf5 Rf1+ 60. Kg4 Rf4+ 61. Kg5 Rxc4 62. Rh7+ Kd6 63. Rh6+ Kd5 1/2-1/2

[Event "Ebbe cup 43"]
[Site "Schackcentrum, Vegatan 20, Gothenburg, Sweden"]
[Date "2022.09.09"]
[Round "1.5"]
[White "Konduru, Sairahul"]
[Black "Karlsson, Stefan"]
[Result "0-1"]
[TimeControl "90 minutes for 40 moves + 15 minutes for the rest of the game + 30 seconds per move from move one."]
[WhiteFideId "1768247"]
[BlackFideId "1771183"]
[WhiteElo "1281"]
[BlackElo "1660"]

1. e4 c6 2. d4 d5 3. Nc3 dxe4 4.
Nxe4 Bf5 5. Ng3 Bg6 6. Nf3 Nd7 7. Bd3 Ngf6 8. c4 Qa5+ 9. Bd2 Qc7 10. Qc2 e6 11. O-O Bd6 12. Rfe1 O-O 13. Bxg6 hxg6 14. Ne4 Bf4 15. Nxf6+ gxf6 16.
Re4 Bxd2 17. Qxd2 Kg7 18. Rc1 Rh8 19. d5 Nc5 20. Rd4 e5 21. d6 Qd7 22. Rh4 Rxh4 23. Nxh4 e4 24. Qd4 Nd3 25.
Rc2 g5 26. Qxe4 Re8 27. Nf5+ Kf8 28. Qxd3 Re1+ 29. Qf1 Rxf1+ 30. Kxf1 Qxf5 31. Rd2 Qb1+ 32. Ke2 Qe4+ 33. Kd1 Qb1+ 34.
Ke2 Ke8 35. b3 Qe4+ 36. Kf1 Kd7 37. h3 b6 38. a3 Qb1+ 39. Ke2 Qxb3 40. Rd3 Qxc4 41. Kd2 f5 42. Ke3 Qe4+ 43. Kd2 Qxg2 44.
Ke2 Qe4+ 45. Kd2 c5 46. Re3 Qd4+ 47. Ke2 c4 48. Re7+ Kxd6 49. Re8 Qb2+ 50. Ke1 Qxa3 51. Rd8+ Kc7 52.
Rd2 c3 53. Rd1 c2 54. Rd2 c1=Q+ 55. Ke2 Qe7+ 56. Kd3 Qe4# 0-1

[Event "Ebbe cup 43"]
[Site "Schackcentrum, Vegatan 20, Gothenburg, Sweden"]
[Date "2022.09.09"]
[Round "1.6"]
[White "Josefsson, Ivar"]
[Black "Dahlin, Emil"]
[Result "1-0"]
[TimeControl "90 minutes for 40 moves + 15 minutes for the rest of the game + 30 seconds per move from move one."]
[WhiteFideId "1766040"]
[BlackFideId "1771035"]
[WhiteElo "1634"]
[BlackElo "1133"]

1. d4 d5 2. c4 c6 3. Nc3 Bf5 4. cxd5 cxd5 5. Qb3 Nc6 6. Nf3 Be4 7. Qxb7 Rc8 8. Bf4 Bxf3 9. exf3 Nxd4 10. Bb5+ Nxb5 11. Qxb5+ Qd7 12.
Qxd7+ Kxd7 13. Nxd5 Nf6 14. Nc3 e6 15. Rd1+ Kc6 16. O-O Bb4 17. Rd3 Rcd8 18. Rfd1 Rxd3 19. Rxd3 Kc5 20. Be3+ Kc4 21.
Rd4+ Kc5 22. Rd8+ Kc4 23. Rxh8 Bxc3 24. Rc8+ Kd5 25. Rxc3 Nd7 26. Bxa7 f5 27. a4 Ne5 28. b3 Nf7 29.
Bb8 Kd4 30. Rc4+ Kd5 31. a5 Nd8 32. Rc7 Nc6 33. Rxc6 Kxc6 34. a6 Kb6 35. a7 Kb7 36. b4 Ka8 37. b5 Kb7 38. b6 Ka8 39.
f4 h6 40. h4 h5 41. Kf1 Kb7 42. Ke2 Ka8 43. Kd3 Kb7 44. Kd4 Ka8 45. Ke5 Kb7 46. Kxe6 g6 47. Kf6 Ka8 48. Kxg6 Kb7 49. Kxh5 Ka8 50. Kg5 Kb7 51.
h5 Ka8 52. h6 Kb7 53. h7 Ka8 54. h8=Q Kb7 55. Qg7+ Ka8 56. Qe5 Kb7 57. Qd5+ Ka6 58. a8=Q+ Kxb6 59. Qa7# 1-0

[Event "Ebbe cup 43"]
[Site "Schackcentrum, Vegatan 20, Gothenburg, Sweden"]
[Date "2022.09.10"]
[Round "2.1"]
[White "Karlsson, Stefan"]
[Black "Ghaderi, Roshan"]
[Result "0-1"]
[TimeControl "90 minutes for 40 moves + 15 minutes for the rest of the game + 30 seconds per move from move one."]
[WhiteFideId "1771183"]
[BlackFideId "1744011"]
[WhiteElo "1660"]
[BlackElo "1741"]

1. e4 e5 2. Nc3 Nf6 3. g3 d5 4. exd5 Nxd5 5. Bg2 Nxc3 6. bxc3 Bc5 7. Qh5 Nd7 8. Nf3 O-O 9. O-O Re8 10.
Ng5 Qf6 11. Bd5 h6 12. Bxf7+ Kh8 13. Ne4 Qe7 14. Bxe8 Nf6 15. Nxf6 Qxf6 16. d4 exd4 17. Qxc5 Bh3 18. Re1 Qf3 0-1

[Event "Ebbe cup 43"]
[Site "Schackcentrum, Vegatan 20, Gothenburg, Sweden"]
[Date "2022.09.10"]
[Round "2.2"]
[White "Eldh, Hjalmar"]
[Black "Josefsson, Ivar"]
[Result "1-0"]
[TimeControl "90 minutes for 40 moves + 15 minutes for the rest of the game + 30 seconds per move from move one."]
[WhiteFideId "1767968"]
[BlackFideId "1766040"]
[WhiteElo "1717"]
[BlackElo "1634"]

1. e4 e5 2. Nf3 Nc6 3. Bc4 Nf6 4. Ng5 d5 5. exd5 Na5 6.
Bb5+ c6 7. dxc6 bxc6 8. Bd3 Nd5 9. Nf3 Bd6 10. O-O O-O 11. Re1 f5 12. Nxe5 Qf6 13. Nf3 g5 14. c4 Nf4 15. Bf1 g4 16.
d4 gxf3 17. Qxf3 Ne6 18. Qc3 Nxd4 19. Qxa5 Nc2 20. c5 Nxe1 21. Qxe1 Bxc5 22. Bc4+ Kh8 23. Nd2 Bd7 24. Nf3 Rfe8 25.
Qa5 Bb6 26. Qa3 h6 27. Bd2 Kh7 28. Bc3 Qe7 29. Qb3 Qf8 30. Rd1 Rad8 31. Ne5 Bc8 32. Rf1 Qc5 33. Nf7 Rd7 34. Be6 Rd3 35.
Bxc8 Rxc8 36. Qe6 Rc7 37. Qxh6+ Kg8 38. Qg7# 1-0

[Event "Ebbe cup 43"]
[Site "Schackcentrum, Vegatan 20, Gothenburg, Sweden"]
[Date "2022.09.10"]
[Round "2.3"]
[White "Imani Lasaki, Hamed"]
[Black "Havner, Arvid"]
[Result "1-0"]
[TimeControl "90 minutes for 40 moves + 15 minutes for the rest of the game + 30 seconds per move from move one."]
[WhiteFideId "1766970"]
[BlackFideId "1769308"]
[WhiteElo "1595"]
[BlackElo "1677"]

1. d4 Nf6 2. c4 e6 3. Nc3 Bb4 4. Bg5 d5 5. e3 O-O 6. Qc2 Nbd7 7. cxd5 exd5 8. Bd3 h6 9. Bh4 Re8 10.
Nge2 c6 11. O-O Bd6 12. Rad1 Qc7 13. Bg3 Ng4 14. Nxd5 Qa5 15.
Ndf4 Qg5 16. e4 Bxf4 17. Nxf4 Nb6 18. e5 Nd5 19. Nxd5 cxd5 20. h3 Ne3 21. fxe3 Qxg3 22. Rf3 Qg5 23.
Qf2 Be6 24. Rg3 Qe7 25. e4 Rad8 26. exd5 Bxd5 27. Qf5 g6 28. Qh5 Kh7 29. Bxg6+ 1-0

[Event "Ebbe cup 43"]
[Site "Schackcentrum, Vegatan 20, Gothenburg, Sweden"]
[Date "2022.09.10"]
[Round "2.4"]
[White "Andersson, Sol"]
[Black "Madevan Vaishnavi, Yaashvan"]
[Result "1-0"]
[TimeControl "90 minutes for 40 moves + 15 minutes for the rest of the game + 30 seconds per move from move one."]
[WhiteFideId "1762702"]
[BlackFideId "1772180"]
[WhiteElo "1454"]
[BlackElo "1439"]

1. e4 d6 2. d4 Nf6 3. Nc3 g6 4. Bc4 Bg7 5. Nf3 O-O 6. Bg5 h6 7. Be3 c6 8. e5 dxe5 9. Nxe5 Nbd7 10.
Nxg6 Re8 11. Nf4 b5 12. Bb3 Bb7 13. O-O Nb6 14. Nh5 e6 15. Nxg7 Kxg7 16. Qf3 Rg8 17. Qh3 h5 18. Ne2 Kh8 19.
Nf4 Rg7 20. Nxh5 Rh7 21. Bg5 Nbd7 22. Qf3 Rxh5 23. Qxh5+ Nxh5 24. Bxd8 Rxd8 25. a4 Rg8 26. g3 Nf4 27. Rfe1 c5 28.
axb5 Nf6 29. Rxa7 Bf3 30. Rxf7 Be2 31. Rxe2 Nxe2+ 32. Kf1 Nxd4 33. Rxf6 Rb8 34. Bxe6 Rxb5 35. c3 Nxe6 36. Rxe6 Kg7 37.
b4 cxb4 38. cxb4 Rxb4 39. Kg2 Rb2 40. Kf3 Kf7 41. Re3 Rb4 42. h4 Kg6 43. Re4 Rb5 44. Kg4 Rb6 45. f4 Kg7 46. Re5 Rf6 47. h5 Rc6 48. Kg5 Rc3 49. g4 Rg3 50. f5 Kg8 51. f6 Rg1 52.
h6 Kf7 53. h7 Rh1 54. Kf5 Rf1+ 55. Kg5 Rh1 56. Re7+ Kf8 57. Rc7 Ke8 58. h8=Q+ Rxh8 59. Rc8+ Kd7 60. Rxh8 Ke6 61. Kg6 Kd5 62.
f7 Kd4 63. f8=Q Kd5 64. Qe7 Kd4 65. Rd8+ Kc4 66. Qc7+ Kb4 67.
Rb8+ Ka4 68. Qa7# 1-0

[Event "Ebbe cup 43"]
[Site "Schackcentrum, Vegatan 20, Gothenburg, Sweden"]
[Date "2022.09.10"]
[Round "2.5"]
[White "Dahlin, Emil"]
[Black "Konduru, Sairahul"]
[Result "0-1"]
[TimeControl "90 minutes for 40 moves + 15 minutes for the rest of the game + 30 seconds per move from move one."]
[WhiteFideId "1771035"]
[BlackFideId "1768247"]
[WhiteElo "1133"]
[BlackElo "1281"]

1. e4 c6 2. d4 d5 3. e5 c5 4. c3 Nc6 5. Nf3 cxd4 6. cxd4 Bg4 7. Be2 Qb6 8. Nc3 e6 9. a3 Bxf3 10.
Bxf3 Qxd4 11. Qxd4 Nxd4 12. Rb1 Nxf3+ 13. gxf3 a6 14. Be3 O-O-O 15. Bb6 Rd7 16. Rc1 Kb8 17. O-O Be7 18. Rc2 Nh6 19.
Rfc1 Rc8 20. Na4 Rxc2 21. Rxc2 Nf5 22. Kf1 Nh4 23.
Ke2 d4 24. Rd2 d3+ 25. Ke3 Bg5+ 26. f4 Ng2+ 27. Ke4 Nxf4 28. Be3 Kc7 29. Bxf4 Bxf4 30. Kxf4 Rd4+ 31. Ke3 Rxa4 32. Kxd3 Ra5 33. Re2 Kc6 34. Re4 Rb5 35.
b4 Rd5+ 36. Rd4 Rxd4+ 37. Kxd4 Kb5 38. Kc3 Ka4 39. Kb2 f6 40. f4 fxe5 41. fxe5 g5 42. Kc2 h5 43. Kd2 Kxa3 44. Ke3 Kxb4 45.
Kf3 a5 46. Kg3 a4 47. h4 gxh4+ 48. Kxh4 a3 49. Kxh5 a2 50. Kg6 a1=Q 51. Kf6 Qa2 0-1

[Event "Ebbe cup 43"]
[Site "Schackcentrum, Vegatan 20, Gothenburg, Sweden"]
[Date "2022.09.10"]
[Round "3.1"]
[White "Ghaderi, Roshan"]
[Black "Imani Lasaki, Hamed"]
[Result "1-0"]
[TimeControl "90 minutes for 40 moves + 15 minutes for the rest of the game + 30 seconds per move from move one."]
[WhiteFideId "1744011"]
[BlackFideId "1766970"]
[WhiteElo "1741"]
[BlackElo "1595"]

1. e4 e5 2. Nf3 Nc6 3. d4 exd4 4. Bc4 d6 5. Nxd4 Ne5 6. Bb3 Nf6 7. O-O Bd7 8. Nc3 a6 9. Bg5 c5 10.
Bxf6 gxf6 11. Nf3 Bg4 12. Nxe5 fxe5 13. Qxg4 h5 14. Qf5 f6 15. Qe6+ Be7 16. Nd5 Rf8 17. Qxe7+ Qxe7 18. Nxe7 Kxe7 19. Bd5 Rab8 20. f4 b5 21.
fxe5 dxe5 22. Rf5 Rh8 23. Raf1 Rb6 24. R1f3 h4 25. b3 a5 26. Rc3 Rc8 27. Rh5 c4 28. Rf3 cxb3 29. Bxb3 a4 30.
Rh7+ Kd6 31. Rxf6+ Kc5 32. Rxb6 axb3 33. axb3 Kxb6 34. c4 bxc4 35. bxc4 Rxc4 36. Rxh4 Kc5 37. Kf2 Kd4 38. Kf3 Rc3+ 39. Kg4 Kxe4 40. Kg5+ Kd5 41. g4 e4 42. Rh8 Kd4 43.
h4 Ke3 44. h5 Rc5+ 45. Kh4 Kf2 46. Re8 e3 47. h6 Rc1 48. g5 Rh1+ 49. Kg4 e2 50. Kf5 e1=Q 51. Rxe1 Kxe1 52. Kg6 Kf2 53. Kg7 Kg3 54. g6 Kg4 55.
h7 Kg5 56. Kf7 Rf1+ 57. Ke6 Re1+ 58. Kd5 Rd1+ 59. Ke4 Re1+ 60. Kf3 Rh1 61. g7 Rh3+ 62. Ke4 Rh4+ 1-0

[Event "Ebbe cup 43"]
[Site "Schackcentrum, Vegatan 20, Gothenburg, Sweden"]
[Date "2022.09.10"]
[Round "3.2"]
[White "Konduru, Sairahul"]
[Black "Eldh, Hjalmar"]
[Result "1/2-1/2"]
[TimeControl "90 minutes for 40 moves + 15 minutes for the rest of the game + 30 seconds per move from move one."]
[WhiteFideId "1768247"]
[BlackFideId "1767968"]
[WhiteElo "1281"]
[BlackElo "1717"]

1. e4 e5 2. Nf3 Nc6 3. Bc4 Nf6 4. d3 Bc5 5. c3 O-O 6. O-O d6 7. h3 a6 8. Bb3 h6 9. Nbd2 Ne7 10.
Re1 Bb6 11. Nf1 Ng6 12. Ng3 c6 13. d4 Qe7 14. Qd3 Be6 15. Nf5 Bxf5 16. exf5 e4 17. fxg6 Qc7 18. gxf7+ Kh8 19. Qe3 exf3 20.
Qxf3 Qd8 21. Bf4 d5 22. Bc2 Rxf7 23. Qd3 Qf8 24. Be5 Bc7 25. Bxf6 gxf6 26. Re6 Qg7 27. Rae1 Rg8 28. Qf3 Qg5 29.
Re7 Rfg7 30. Rxg7 Qxg7 31. Bf5 Qg5 32. Kf1 Bf4 33. Qg4 b6 34. Qxg5 hxg5 35. Re6 Bc1 36. Rxc6 Bxb2 37. Rxb6 Bxc3 38.
Rxf6 Rb8 39. g4 Bxd4 40. Rf7 Rb2 41. Be6 Rxa2 42. Bxd5 Ra1+ 43. Kg2 a5 44. Re7 Rd1 45. Re2 Bc3 46.
Bb3 Rd6 47. Be6 1/2-1/2

[Event "Ebbe cup 43"]
[Site "Schackcentrum, Vegatan 20, Gothenburg, Sweden"]
[Date "2022.09.10"]
[Round "3.3"]
[White "Josefsson, Ivar"]
[Black "Karlsson, Stefan"]
[Result "0-1"]
[TimeControl "90 minutes for 40 moves + 15 minutes for the rest of the game + 30 seconds per move from move one."]
[WhiteFideId "1766040"]
[BlackFideId "1771183"]
[WhiteElo "1634"]
[BlackElo "1660"]

1. d4 f5 2. Nc3 Nf6 3. Bg5 d5 4. Nf3 e6 5. g3 c6 6. Bg2 Bd6 7. Qd2 Nbd7 8. Bf4 Bb4 9. O-O Ne4 10.
Qe1 g5 11. Bd2 Nxd2 12. Qxd2 h6 13. a3 Bd6 14. Rae1 Qc7 15. Nxg5 hxg5 16. Qxg5 Nf8 17. e4 Qh7 18. h4 Rg8 19.
Qe3 dxe4 20. Bxe4 fxe4 21. Nxe4 Be7 22. Qf4 Kd8 23. Ng5 Bxg5 24. hxg5 Qc7 25. Qh4 Ng6 26. Qg4 Rh8 27. Kg2 e5 28.
Qf3 Bh3+ 29. Kg1 Qh7 30. Qf6+ Kc8 0-1

[Event "Ebbe cup 43"]
[Site "Schackcentrum, Vegatan 20, Gothenburg, Sweden"]
[Date "2022.09.10"]
[Round "3.4"]
[White "Havner, Arvid"]
[Black "Andersson, Sol"]
[Result "1/2-1/2"]
[TimeControl "90 minutes for 40 moves + 15 minutes for the rest of the game + 30 seconds per move from move one."]
[WhiteFideId "1769308"]
[BlackFideId "1762702"]
[WhiteElo "1677"]
[BlackElo "1454"]

1. e4 c5 2. Nf3 g6 3. d4 cxd4 4. Nxd4 Bg7 5. Nc3 Nc6 6. Be3 Nf6 7. f3 a6 8. Qd2 d6 9. O-O-O O-O 10.
Bc4 Nxd4 11. Bxd4 b5 12. Bb3 Bd7 13. g4 a5 14. a4 bxa4 15. Bxa4 Bxa4 16. Nxa4 Qc7 17. Qc3 Qxc3 18. Nxc3 a4 19.
Kb1 Rfc8 20. Rd3 Nd7 21.
Bxg7 Kxg7 22. Nd5 e6 23. Nb4 Ne5 24. Ra3 1/2-1/2

[Event "Ebbe cup 43"]
[Site "Schackcentrum, Vegatan 20, Gothenburg, Sweden"]
[Date "2022.09.10"]
[Round "3.5"]
[White "Madevan Vaishnavi, Yaashvan"]
[Black "Dahlin, Emil"]
[Result "0-1"]
[TimeControl "90 minutes for 40 moves + 15 minutes for the rest of the game + 30 seconds per move from move one."]
[WhiteFideId "1772180"]
[BlackFideId "1771035"]
[WhiteElo "1439"]
[BlackElo "1133"]

1. e4 e5 2. Nf3 Nc6 3. d4 exd4 4.
Bc4 Bb4+ 5. c3 dxc3 6. bxc3 Bc5 7. Bxf7+ Kxf7 8. Qd5+ Ke8 9. Qh5+ Kf8 10. Qxc5+ d6 11. Qa3 Nf6 12. Bg5 h6 13.
Bh4 Kf7 14. Bxf6 Qxf6 15. O-O Re8 16. Nbd2 Bg4 17. Rfe1 Ne5 18. Nxe5+ Rxe5 19. Qb3+ Kg6 20. h3 Bc8 21. Rf1 Rg5 22.
Kh2 Qf4+ 23. g3 Qxd2 24. Rac1 Qe2 25. Rce1 Qh5 26. h4 Rc5 27. Qg8 Qg4 28. Rh1 Qf3 29. Kg1 Bh3 30. h5+ Kf6 31. e5+ Rxe5 0-1

[Event "Ebbe cup 43"]
[Site "Schackcentrum, Vegatan 20, Gothenburg, Sweden"]
[Date "2022.09.11"]
[Round "4.1"]
[White "Eldh, Hjalmar"]
[Black "Karlsson, Stefan"]
[Result "1-0"]
[TimeControl "90 minutes for 40 moves + 15 minutes for the rest of the game + 30 seconds per move from move one."]
[WhiteFideId "1767968"]
[BlackFideId "1771183"]
[WhiteElo "1717"]
[BlackElo "1660"]

1. e4 c6 2. d4 d5 3. f3 e6 4. c4 dxe4 5. Nc3 Bb4 6. fxe4 Qh4+ 7. Ke2 Bxc3 8. bxc3 Qxe4+ 9. Kf2 Qh4+ 10.
g3 Qf6+ 11. Nf3 h6 12. Bf4 Nd7 13. Bd3 g5 14. Be5 Nxe5 15. dxe5 Qg7 16. Re1 Bd7 17. Rb1 b6 18. c5 bxc5 19.
Rb7 Ne7 20. Be4 Rd8 21. Qd6 g4 22. Nh4 f5 23. exf6 Qxf6+ 24. Kg2 Bc8 25. Rxe7+ Qxe7 26. Bg6+ Qf7 27. Bxf7+ Kxf7 28. Rf1+ Ke8 29.
Qxc6+ Rd7 30. Qxc8+ 1-0

[Event "Ebbe cup 43"]
[Site "Schackcentrum, Vegatan 20, Gothenburg, Sweden"]
[Date "2022.09.11"]
[Round "4.2"]
[White "Andersson, Sol"]
[Black "Imani Lasaki, Hamed"]
[Result "1/2-1/2"]
[TimeControl "90 minutes for 40 moves + 15 minutes for the rest of the game + 30 seconds per move from move one."]
[WhiteFideId "1762702"]
[BlackFideId "1766970"]
[WhiteElo "1454"]
[BlackElo "1595"]

1. e4 c5 2. Nf3 d6 3. d4 cxd4 4. Nxd4 Nf6 5. Nc3 a6 6. Be3 e5 7. Nb3 Be7 8. Bc4 Nbd7 9. f3 O-O 10. Qd2 b5 11. Bd5 Nxd5 12.
Nxd5 Bb7 13. Bf2 Bxd5 14. Qxd5 Nf6 15. Qd2 Qc7 16. O-O Rfd8 17. Rfe1 d5 18. exd5 Nxd5 19. Qe2 f6 20. Rac1 Nf4 21.
Qe4 a5 22. a4 bxa4 23. Qxa4 Bb4 24. Re3 Bd2 25. Nxd2 Rxd2 26. Qe4 Rc8 27. Bg3 Rxg2+ 28. Kf1 Rxc2 29. Rxc2 Qxc2 30. Bxf4 Qxe4 31.
Rxe4 exf4 32. Ra4 Rc1+ 33. Kg2 Rc2+ 34. Kh3 Rxb2 35. Rxa5 g5 36. Ra7 h5 37. Ra6 Kg7 38. Ra5 Rf2 39.
Ra3 Kg6 40. Rb3 Kf5 41. Rb5+ Ke6 42. Rb6+ Ke5 43. Rb5+ Kd4 44. Rb4+ Kc3 45. Rb3+ Kd4 46. Rd3+ Ke5 47. Rd5+ Ke6 48.
Re5+ Kf7 49. Re7+ Kg6 50. Rg7+ Kh6 51. Rg6+ Kh7 52. Rg7+ 1/2-1/2

[Event "Ebbe cup 43"]
[Site "Schackcentrum, Vegatan 20, Gothenburg, Sweden"]
[Date "2022.09.11"]
[Round "4.3"]
[White "Josefsson, Ivar"]
[Black "Konduru, Sairahul"]
[Result "1-0"]
[TimeControl "90 minutes for 40 moves + 15 minutes for the rest of the game + 30 seconds per move from move one."]
[WhiteFideId "1766040"]
[BlackFideId "1768247"]
[WhiteElo "1634"]
[BlackElo "1281"]

1. d4 c6 2. c4 d5 3. Nc3 Nf6 4. e3 Bg4 5. f3 Bf5 6. cxd5 cxd5 7. Qb3 Qd7 8. g4 Be6 9. Nge2 Nc6 10.
Nf4 Rd8 11. g5 Ng8 12. Na4 b6 13. Bb5 Bf5 14. Nc3 e6 15. e4 Bg6 16. exd5 exd5 17. Ncxd5 Bd6 18. Kf2 Bxf4 19. Bxf4 Qxd5 20.
Qxd5 Rxd5 21. Bxc6+ Kd8 22. Bxd5 Ne7 23. Bc4 Nf5 24. Rhe1 Re8 25. Bc7+ Kd7 26. Bb5+ Kxc7 27. Rxe8 Nd6 28.
Rc1+ Kb7 29. Re7+ Kb8 30. Ba6 Bf5 31. Rc6 Bc8 32. Bxc8 Nxc8 33. Re8 Kb7 34. Rexc8 a5 35. R6c7+ Ka6 36.
a4 b5 37. Rc6+ Kb7 38. axb5 a4 39. R8c7+ Kb8 40. Rxf7 Ka8 41. Rc8# 1-0

[Event "Ebbe cup 43"]
[Site "Schackcentrum, Vegatan 20, Gothenburg, Sweden"]
[Date "2022.09.11"]
[Round "4.4"]
[White "Dahlin, Emil"]
[Black "Havner, Arvid"]
[Result "0-1"]
[TimeControl "90 minutes for 40 moves + 15 minutes for the rest of the game + 30 seconds per move from move one."]
[WhiteFideId "1771035"]
[BlackFideId "1769308"]
[WhiteElo "1133"]
[BlackElo "1677"]

1. e4 c5 2. Nf3 d6 3. Nc3 Nc6 4. Bb5 Bd7 5. d3 Nf6 6. Bg5 e6 7. O-O Be7 8. Re1 O-O 9. Bxc6 Bxc6 10.
e5 Nd5 11. Nxd5 Bxg5 12. Nc3 Be7 13. d4 Bxf3 14. Qxf3 cxd4 15. Ne2 Qb6 16. exd6 Bxd6 17. b3 Bb4 18. Red1 Rfd8 19. a3 Be7 20.
Qe4 Bf6 21. Rac1 Rac8 22. h3 Bg5 23. Rb1 Bf6 24. b4 Qc6 25. Qxc6 Rxc6 26. Rbc1 e5 27. c3 d3 28. Ng3 Bg5 29.
Nf5 g6 30. Ne3 f5 31. f3 Bxe3+ 32. Kf1 Bxc1 33. Rxc1 Rxc3 34. Rd1 Rxa3 35. Kf2 Ra2+ 36. Kf1 e4 37. fxe4 fxe4 38. g3 e3 0-1

[Event "Ebbe cup 43"]
[Site "Schackcentrum, Vegatan 20, Gothenburg, Sweden"]
[Date "2022.09.11"]
[Round "5.1"]
[White "Havner, Arvid"]
[Black "Eldh, Hjalmar"]
[Result "0-1"]
[TimeControl "90 minutes for 40 moves + 15 minutes for the rest of the game + 30 seconds per move from move one."]
[WhiteFideId "1769308"]
[BlackFideId "1767968"]
[WhiteElo "1677"]
[BlackElo "1717"]

1. e4 e5 2. Nf3 Nc6 3. d4 exd4 4.
Nxd4 Nf6 5. Nxc6 bxc6 6. e5 Nd5 7. c4 Nb6 8. Nc3 d5 9. cxd5 cxd5 10. Bb5+ Bd7 11. Qd3 c6 12. Ba4 Nxa4 13.
Nxa4 Bb4+ 14. Nc3 O-O 15. O-O Re8 16. Qg3 Rb8 17. Bh6 Bf8 18. b3 Bf5 19. Rae1 Bg6 20. Bc1 Qd7 21. f4 Bc5+ 22.
Kh1 h5 23. Qf3 Qg4 24. f5 Qxf3 25. Rxf3 Bh7 26. Na4 Bd4 27. Bb2 Rb4 28. Bxd4 Rxd4 29. Nc5 Rxe5 30. Nd3 Rxd3 0-1

[Event "Ebbe cup 43"]
[Site "Schackcentrum, Vegatan 20, Gothenburg, Sweden"]
[Date "2022.09.11"]
[Round "5.2"]
[White "Imani Lasaki, Hamed"]
[Black "Josefsson, Ivar"]
[Result "0-1"]
[TimeControl "90 minutes for 40 moves + 15 minutes for the rest of the game + 30 seconds per move from move one."]
[WhiteFideId "1766970"]
[BlackFideId "1766040"]
[WhiteElo "1595"]
[BlackElo "1634"]

1. d4 d5 2. c4 e6 3. Nc3 c5 4. cxd5 exd5 5. dxc5 d4 6. Qa4+ Nc6 7. Nb5 Bxc5 8. Bf4 Bb4+ 9. Kd1 Ba5 10.
Nd6+ Kf8 11. Qb3 Qf6 12. e3 dxe3 13. fxe3 g5 14. Ne4 Qd8+ 15. Bd6+ Nge7 16. Bd3 Be6 17. Qxb7 Rc8 18. Ke2 Bd5 19.
Bxe7+ Nxe7 20. Qa6 Bxe4 21. Bxe4 Qd2+ 22. Kf3 g4+ 23. Kxg4 Rg8+ 24. Kh3 Qd7+ 0-1